[Event "*** Titled Tuesday Blitz"]
[Site "Chess.com"]
[Date "2021.02.16"]
[Round "11"]
[White "EnergeticHay"]
[Black "JiiHart"]
[Result "0-1"]
[WhiteElo "2313"]
[BlackElo "2124"]
[TimeControl "180+1"]
[EndTime "12:11:28 PST"]
[Termination "JiiHart won on time"]

1. e4 e5 2. Nf3 Nc6 3. Bc4 Nf6 4. d3 d5 5. exd5 Nxd5 6. O-O Bg4 7. h3 Bh5 8. c3 Be7 9. a4 O-O 10. Nbd2 Nf4 11.
Ne4 Na5 12. Bxf4 Nxc4 13. Bc1 Nd6 14. Qe2 Nxe4 15. dxe4 Bc5 16. Be3 Qe7 17. b4 Bxe3 18. Qxe3 Rfd8 19. Rad1 a6 20. Rd5 Bxf3 21. Qxf3 c6 22.
Rxd8+ Rxd8 23. Rd1 Rxd1+ 24. Qxd1 g6 25. Qd3 Kg7 26. g3 Qe6 27. Kg2 f5 28. h4 fxe4 29. Qxe4 Qd5 30. Qf3 e4 31. Qe3 h5 32. Kh2 b5 33.
axb5 axb5 34. Qa7+ Kf6 35. Qe3 Qd3 36. Qg5+ Kg7 37. Qe7+ Kh6 38. Qf8+ Kh7 39. Qf6 e3 40. Qe7+ Kh6 41. Qxe3+ Qxe3 42. fxe3 Kg7 43. Kg2 Kf6 44. Kf3 Ke5 45. e4 Ke6 46. Kf4 Kf6 47. e5+ Ke6 48. Kg5 Kxe5 49. Kxg6 Ke4 50. Kxh5 Kd3 51. g4 Kxc3 52. g5 Kxb4 53. g6 c5 54. g7 c4 55.
g8=Q c3 56. Qg2 c2 57. Qf3 c1=Q 58. Qf8+ Qc5+ 0-1

[Event "*** Titled Tuesday Blitz"]
[Site "Chess.com"]
[Date "2021.02.16"]
[Round "11"]
[White "arminmusovic"]
[Black "juancruzarias"]
[Result "0-1"]
[WhiteElo "2502"]
[BlackElo "2644"]
[TimeControl "180+1"]
[EndTime "12:11:31 PST"]
[Termination "juancruzarias won by checkmate"]

1. a3 d5 2. Nc3 c6 3. e4 Nf6 4. e5 Nfd7 5. f4 Nb6 6. Nf3 Bg4 7.
h3 Bxf3 8. Qxf3 e6 9. Be2 N8d7 10. O-O Bc5+ 11. Kh1 h5 12. b4 Be7 13. d4 g6 14. Nd1 a5 15. b5 c5 16. c3 a4 17. Ne3 Qc7 18. Bd2 O-O-O 19. Rfc1 c4 20. Nc2 Kb8 21. Rcb1 h4 22. Bd1 Nc8 23. b6 Ndxb6 24. Nb4 Ka7 25. Bc2 Bf8 26. Qd1 Qd7 27. Rb2 Ne7 28. Rab1 Rb8 29. Na2 Nec8 30. Rb5 Ka6 31.
Bxa4 Qc7 32. Nb4+ Bxb4 33. axb4 Na8 34. Rc5 Qd8 35. Ra1 Kb6 36. Bb5 Nc7 37. Ra5 Na7 38. Rxa7 Kxa7 39. Rxc7 Kb6 40. Rc5 Ra8 41. Be3 Ra3 42.
Bxc4 Qa8 43. Kh2 Qa4 44. Rb5+ Kc6 45. Rc5+ Kb6 46. Qf3 dxc4 47. d5 Qb3 48. dxe6 fxe6 49. Rc6+ Kb5 50. Rc7 Ka4 51. Rxb7 Qxc3 52. Qc6+ Kb3 53.
Bc5 Qg3+ 54. Kh1 Ra1+ 55. Bg1 Qe3 56. Qf3 Qxf3 57. gxf3 Rd8 58. Kg2 Rd2+ 59. Bf2 Raa2 60. Rc7 Rxf2+ 61. Kg1 Rfc2 62. Rxc4 Rxc4 63. b5 Rc1# 0-1

[Event "*** Titled Tuesday Blitz"]
[Site "Chess.com"]
[Date "2021.02.16"]
[Round "11"]
[White "Vuk2000"]
[Black "Gusarov91"]
[Result "0-1"]
[WhiteElo "2639"]
[BlackElo "2449"]
[TimeControl "180+1"]
[EndTime "12:11:32 PST"]
[Termination "Gusarov91 won by resignation"]

1. e4 c6 2. d4 Na6 3. Nd2 Nc7 4. f4 d5 5. e5 h5 6. Be2 g6 7. Ngf3 Bg4 8. h3 Bxf3 9. Nxf3 e6 10. Bd3 h4 11.
Be3 Nh6 12. Qd2 Be7 13. O-O-O Nf5 14. Bxf5 exf5 15. Kb1 Ne6 16. Qf2 Qd7 17. Rc1 O-O-O 18. Rhd1 b5 19. b3 Ba3 20. c3 Bxc1 21. Bxc1 Kb7 22.
Nxh4 b4 23. cxb4 Qe7 24. Nf3 Qxb4 25. g4 Rxh3 26. gxf5 gxf5 27. Be3 Rg8 28. Bd2 Qb5 29.
Kb2 Qd3 30. Ng5 Nxd4 31. Rc1 Rxg5 32. Rc3 Qe4 33. fxg5 Rxc3 34. Bxc3 Ne2 35. Qc5 Nxc3 36. Kxc3 Qxe5+ 37. Kc2 Qe4+ 38. Kb2 f4 39. Qd6 Qe6 40. Qxf4 a6 41. Qb4+ Kc8 42. Qd4 Qe2+ 43. Ka3 Kb7 44.
Qf4 Qe7+ 45. Ka4 c5 46. Ka3 c4+ 47. Kb2 cxb3 48. axb3 Qe6 49. Kc3 Qc6+ 50. Kd4 Qe6 51. Kc3 Kc6 52. Qa4+ Kc7 53. Qa5+ Kd7 54. Qa4+ Qc6+ 55.
Kd4 Qxa4+ 56. bxa4 Kd6 57. a5 Ke6 58. Kc5 Ke5 59.
Kb6 d4 60. Kxa6 d3 61. Kb7 d2 62. a6 d1=Q 63. a7 Qd5+ 64. Kb8 0-1

[Event "*** Titled Tuesday Blitz"]
[Site "Chess.com"]
[Date "2021.02.16"]
[Round "11"]
[White "Alexander_Zubov"]
[Black "Violord"]
[Result "1-0"]
[WhiteElo "2982"]
[BlackElo "2728"]
[TimeControl "180+1"]
[EndTime "12:11:33 PST"]
[Termination "Alexander_Zubov won on time"]

1. e4 g6 2. d4 Bg7 3. Nf3 d6 4. Bc4 Nf6 5. Qe2 Nc6 6. e5 dxe5 7. dxe5 Ng4 8. e6 f5 9. O-O Qd6 10. c3 Nce5 11. Nxe5 Qxe5 12. Qxe5 Nxe5 13. Bb3 a5 14.
a4 Ra6 15. Na3 Bxe6 16. Bxe6 Rxe6 17. Nb5 Kd7 18. Bf4 c6 19. Rad1+ Kc8 20. Nd4 Rd6 21. Rde1 Rd5 22. Ne6 Bf6 23. Re2 Nd3 24. Bg3 g5 25. f4 gxf4 26. Bxf4 Rg8 27. Rf3 Nxf4 28. Nxf4 Rd1+ 29.
Kf2 Rh1 30. Rh3 e5 31. Nh5 Bh8 32. Ng3 Ra1 33. Nxf5 Rf8 34. g4 Rxa4 35. Kg3 e4 36. Rxh7 Be5+ 37. Kh3 Rc4 38. Rh5 Kc7 39. Ne3 Rc5 40. Kg2 Bd6 41. Rh7+ Kb6 42. Nf5 Rd5 43. h4 Rg8 44. Kh3 Rd3+ 45. Re3 Bf4 46. Rxd3 exd3 47. Rd7 d2 48. g5 Re8 49. Kg4 Re1 50. Kxf4 d1=Q 51.
Rxd1 Rxd1 52. g6 Rg1 53. Ng3 Rb1 54. g7 Rxb2 55. g8=Q a4 56. Ne4 a3 57. Qd8+ Kb5 58.
Qd4 a2 59. c4+ 1-0

[Event "*** Titled Tuesday Blitz"]
[Site "Chess.com"]
[Date "2021.02.16"]
[Round "11"]
[White "AliKa2810"]
[Black "frankshar"]
[Result "1-0"]
[WhiteElo "2548"]
[BlackElo "2414"]
[TimeControl "180+1"]
[EndTime "12:11:33 PST"]
[Termination "AliKa2810 won on time"]

1. d4 Nf6 2. c4 e6 3. Nc3 Bb4 4. e3 c5 5. Ne2 d5 6. a3 Bxc3+ 7. Nxc3 cxd4 8. exd4 dxc4 9. Bxc4 O-O 10. Bg5 Nc6 11. Be3 b6 12. O-O Bb7 13. Re1 Rc8 14. Bd3 h6 15. h3 Qd6 16. Qd2 Rfd8 17. Bxh6 Qxd4 18. Qg5 Ne8 19. Rad1 Qf6 20. Qxf6 Nxf6 21. Bg5 Nd4 22. Ne4 Bxe4 23. Bxe4 Nb3 24. Rxd8+ Rxd8 25. Bc2 Nc5 26. Rd1 Rd5 27. Rxd5 Nxd5 28. h4 f6 29. Bd2 Kf7 30. h5 f5 31. g3 Nf6 32.
Bd1 Nfe4 33. Bf4 Nd3 34. Bb8 Nxb2 35. Be2 a5 36. Bc7 Na4 37. f3 Nf6 38. g4 Nc3 39.
Bc4 fxg4 40. fxg4 b5 41. Bd3 b4 42. Bxa5 bxa3 43. Bxc3 Nxg4 44. Bg6+ Kg8 45. Kg2 Ne3+ 46. Kf3 Nd5 47. Be5 Ne7 48. Be4 Nd5 49. Ke2 Nf6 50. Bg6 Nd5 51. Kd3 a2 52. Kc2 Kf8 53. Kb2 Ne3 54.
Kxa2 Ng4 55. Bd6+ Kg8 56. Kb3 Nf6 57. Kc4 Nd7 58. Kd4 Kh8 59. Ke4 Kg8 60. Bf4 1-0

[Event "*** Titled Tuesday Blitz"]
[Site "Chess.com"]
[Date "2021.02.16"]
[Round "11"]
[White "German_Bazeev"]
[Black "ZEN-22"]
[Result "1-0"]
[WhiteElo "2747"]
[BlackElo "2522"]
[TimeControl "180+1"]
[EndTime "12:11:34 PST"]
[Termination "German_Bazeev won on time"]

1. d4 c5 2. Nf3 cxd4 3. Nxd4 d5 4. g3 e5 5. Nb3 a5 6. a4 Nc6 7. Bg2 Be6 8. O-O h6 9. f4 exf4 10. Bxf4 Nf6 11. Nc3 Bb4 12. Nb5 O-O 13. c3 Be7 14. N3d4 Nxd4 15. Nxd4 Bg4 16. Qb3 Bc5 17. Qxb7 Bxe2 18.
Rfe1 Re8 19. Kh1 Bxd4 20. cxd4 Re7 21. Qc6 Rc8 22. Qd6 Rd7 23. Qa3 Bh5 24. b4 axb4 25.
Qxb4 Rc4 26. Qb8 Rxd4 27. a5 Qxb8 28. Bxb8 Rb4 29. Reb1 Rxb1+ 30. Rxb1 Be2 31. Be5 d4 32. Rb7 Rd8 33. Rb8 Rxb8 34. Bxb8 Ba6 35. Kg1 Ng4 36. Bf1 d3 37. Bf4 g5 38. Bd2 Ne5 39. Kf2 Kf8 40.
h3 Ke7 41. Bc3 Ke6 42. Ke3 Nc4+ 43. Kd4 d2 44. Bxd2 Nxd2 45. Bxa6 Nb3+ 46. Kc4 Nxa5+ 47. Kc5 Nb3+ 48. Kc4 Nd2+ 49. Kd3 Nf3 50. Ke3 Ne5 51. g4 f5 52. Bc8+ Nd7 53. gxf5+ Kd6 54. Ke4 Nf6+ 55. Kf3 Ke5 56. Kg3 h5 57. Kf3 h4 58.
Be6 Ne8 59. Kg2 Nd6 60. Kf3 Nxf5 61. Kg4 1-0

[Event "*** Titled Tuesday Blitz"]
[Site "Chess.com"]
[Date "2021.02.16"]
[Round "11"]
[White "HackingKid98"]
[Black "mbojan"]
[Result "0-1"]
[WhiteElo "2485"]
[BlackElo "2623"]
[TimeControl "180+1"]
[EndTime "12:11:34 PST"]
[Termination "mbojan won on time"]

1. d4 e5 2. dxe5 Bc5 3. Bf4 d6 4. e3 Ne7 5. Bg3 Nf5 6. exd6 Nxg3 7. hxg3 Bxd6 8. Nf3 h6 9. Nc3 Nd7 10. Be2 Nf6 11.
O-O c6 12. Qd2 Qe7 13. Rad1 Bc7 14. Nd4 O-O 15. Bf3 Qe5 16. Qe2 Bd7 17. Rd2 Ba5 18. Rfd1 Rad8 19. Qc4 Bb6 20. Qe2 g6 21. Nb3 h5 22.
Na4 Bc7 23. Nac5 Bc8 24. Rxd8 Bxd8 25. Nd3 Qe7 26. Nf4 Bc7 27. Qc4 Kg7 28. c3 Rh8 29. Qc5 Qe8 30. Qg5 Be5 31. Nd3 Bc7 32. Nf4 Rh6 33.
Nc5 Nh7 34. Qh4 Nf6 35. Rd4 Bb6 36. b4 Bc7 37. Qg5 Rh8 38. Rd1 Rh6 39. Ncd3 Nh7 40. Qc5 Bb6 41. Qc4 h4 42. Qe4 Qxe4 43.
Bxe4 hxg3 44. fxg3 Bxe3+ 45. Kf1 Nf6 46. Bf3 Bb6 47.
Ne5 Rh8 48. c4 Re8 49. Ned3 Bf5 50. c5 Bc7 51. Re1 Rxe1+ 52. Kxe1 g5 53. Nf2 gxf4 54. gxf4 Bxf4 55. Ke2 Bc7 56. a4 Be6 57. b5 Bd5 58.
bxc6 bxc6 59. Bxd5 Nxd5 0-1

[Event "*** Titled Tuesday Blitz"]
[Site "Chess.com"]
[Date "2021.02.16"]
[Round "11"]
[White "Msb2"]
[Black "sara_khm"]
[Result "1-0"]
[WhiteElo "2858"]
[BlackElo "2667"]
[TimeControl "180+1"]
[EndTime "12:11:39 PST"]
[Termination "Msb2 won by resignation"]

1. d4 Nf6 2. Nf3 d5 3. e3 c5 4.
dxc5 e6 5. b4 a5 6. c3 axb4 7.
cxb4 b6 8. Bb5+ Bd7 9. Bxd7+ Nbxd7 10. a4 bxc5 11. b5 Bd6 12. Bb2 e5 13. e4 d4 14.
Nbd2 Bc7 15. O-O O-O 16. Qc2 Re8 17. Nc4 Nb6 18. Nfd2 Nxc4 19. Nxc4 d3 20. Qb3 Nxe4 21.
Rad1 d2 22. f3 Nd6 23. Rxd2 Qb8 24. Rfd1 Nf5 25. Rd7 e4 26. Nd6 Nxd6 27. R1xd6 Rf8 28. Qc3 f6 29. Re6 Bxh2+ 30. Kf1 Rxa4 31. Qb3 Rb4 32. Ree7+ Kh8 33. Rxg7 Qxb5+ 34. Ke1 Qxd7 35. Bxf6 Qxg7 36. Bxg7+ Kxg7 37. Qc3+ Rf6 38. Qxc5 Rb1+ 39. Ke2 exf3+ 40. gxf3 Rb2+ 41. Kd1 Rb7 42. Qg5+ Rg6 43. Qh4 Bd6 44. Qd4+ Rf6 45. Qg4+ Kf8 46. Qc8+ Kg7 47. Qxb7+ Kg6 48.
Ke2 Re6+ 49. Kf1 Bf4 50. Qd5 Rf6 51. Kg2 h5 52. Qg8+ Kh6 53. Kh3 Bg5 54. Kg2 h4 55.
Qh8+ Kg6 56. Qg8+ Kh6 57. Qd5 Bf4 58. Kh3 Bg5 59. Qa8 Bf4 60. Kxh4 Kg6 61. Kg4 Bg5 62. Qg8+ Kh6 63. Qxg5+ Kh7 64. Qxf6 1-0

[Event "*** Titled Tuesday Blitz"]
[Site "Chess.com"]
[Date "2021.02.16"]
[Round "11"]
[White "Salem-AR"]
[Black "swisspower96"]
[Result "1-0"]
[WhiteElo "2913"]
[BlackElo "2672"]
[TimeControl "180+1"]
[EndTime "12:11:40 PST"]
[Termination "Salem-AR won by resignation"]

1. d4 Nf6 2. c4 e6 3. Nf3 d5 4. Nc3 Bb4 5. Bg5 h6 6. Bxf6 Qxf6 7. e3 O-O 8. Rc1 Qg6 9. Bd3 Qxg2 10. Rg1 Qh3 11.
a3 dxc4 12. Bf1 Bxc3+ 13. Rxc3 Qh5 14. Rxc4 Nc6 15. Rc5 e5 16. Be2 Bg4 17. Nxe5 Bxe2 18.
Qxe2 Qxe2+ 19. Kxe2 Nxe5 20. Rxe5 Rfe8 21. f4 f6 22.
Rxe8+ Rxe8 23. f5 Re4 24. Rg3 Kf7 25. Kd3 Rh4 26. h3 c6 27. b4 b6 28. a4 c5 29. b5 cxd4 30. e4 Rf4 31. Kxd4 Rf1 32. Rc3 Rd1+ 33. Ke3 Rd7 34. Rc6 g5 35. fxg6+ Kxg6 36. e5 Kf5 37. exf6 Rf7 38. Kd4 Rd7+ 39. Kc4 h5 40. Kc3 h4 41. Kb4 Kg6 42. a5 Rd4+ 43. Kc3 Rf4 44. axb6 axb6 45. Rxb6 Rf3+ 46. Kd4 Rxh3 47.
Rd6 Rh1 48. Kc5 h3 49. Kb6 Rc1 50. Rd2 Rc3 51. Rf2 Kf7 52. Kb7 Rg3 53. b6 Rg2 54. Rf3 h2 55. Rh3 Rb2 56. Rh6 Rc2 57. Kb8 Rb2 58. b7 Rc2 59. Ka7 Ra2+ 60. Kb6 Rb2+ 61. Kc7 Rc2+ 62. Kd6 Rd2+ 63. Ke5 Rb2 64. Rxh2 Rxb7 65.
Rh7+ 1-0

[Event "*** Titled Tuesday Blitz"]
[Site "Chess.com"]
[Date "2021.02.16"]
[Round "11"]
[White "m_ezat"]
[Black "TokChess"]
[Result "1-0"]
[WhiteElo "2491"]
[BlackElo "2393"]
[TimeControl "180+1"]
[EndTime "12:11:41 PST"]
[Termination "m_ezat won by resignation"]

1. e4 c5 2. d4 cxd4 3. c3 d3 4. Nf3 Nc6 5. Bxd3 d6 6. h3 g6 7. O-O Bg7 8. Qe2 Nf6 9. Rd1 Qc7 10. Bf4 Nd7 11. Na3 Nde5 12. Bc2 O-O 13. Nc4 Nxc4 14. Qxc4 Be6 15. Qe2 b5 16. Bb3 Rab8 17. Bxe6 fxe6 18. Bg3 e5 19. a4 a6 20. axb5 axb5 21. Ra6 Nd8 22.
Rda1 Rb7 23. Ra8 Ne6 24. Rxf8+ Bxf8 25. Qd3 Qc4 26. Qd1 Qxe4 27. Ra8 Rd7 28. Rc8 Rd8 29. Qb3 d5 30. Rxd8 Nxd8 31. Bxe5 Qc4 32. Qd1 Nf7 33. Bd4 Qc7 34. Qe2 Qd7 35. Kf1 Bg7 36. Qe3 Bxd4 37.
cxd4 e6 38. Qe2 Qc6 39. g3 Kg7 40. Kg2 h6 41. h4 Qc4 42. Qe3 Qc6 43. h5 g5 44. Qd3 Nh8 45. Ne5 Qe8 46. g4 b4 47.
Qd2 Nf7 48. Qxb4 Nxe5 49. dxe5 Qf7 50. Qd4 Qb7 51. b4 Qb5 52. Qa7+ Kh8 53. Qe7 Qc6 54. Qf8+ Kh7 55. Qf7+ Kh8 56. Qg6 d4+ 57. Kg3 Qc3+ 58.
f3 Qe3 59. Qxh6+ Kg8 60. Qxe6+ Kg7 61. Qf6+ Kh7 62. Qf5+ Kh8 63. Qc2 Qg1+ 64. Kh3 Qe3 65. Qf5 Qe1 66. Qxg5 Qh1+ 67. Kg3 Qg1+ 68. Kf4 Qe3+ 69.
Kf5 1-0

[Event "*** Titled Tuesday Blitz"]
[Site "Chess.com"]
[Date "2021.02.16"]
[Round "11"]
[White "WiktoriaPOL"]
[Black "Matols"]
[Result "0-1"]
[WhiteElo "2040"]
[BlackElo "2242"]
[TimeControl "180+1"]
[EndTime "12:11:41 PST"]
[Termination "Matols won on time"]

1. e4 e6 2. d4 d5 3. e5 c5 4. c3 Qb6 5. Nf3 Nc6 6. Bd3 Bd7 7. O-O cxd4 8. cxd4 Nxd4 9. Nbd2 Ne7 10. Nxd4 Qxd4 11.
Nf3 Qb6 12. Be3 Qd8 13. Rc1 Ng6 14. Qc2 Be7 15. Qc7 Qxc7 16. Rxc7 Bc6 17. Bxg6 hxg6 18.
Bg5 Bd8 19. Bxd8 Rxd8 20. Ng5 O-O 21. Rc1 d4 22. Rd1 Rd5 23. Nf3 Rfd8 24. Kf1 Kf8 25. Ng5 R5d7 26. Rxd7 Rxd7 27. f3 Ke7 28. Ke2 f6 29.
exf6+ gxf6 30. Ne4 e5 31. Nc5 Rd5 32. Nb3 f5 33. f4 d3+ 34. Ke3 e4 35. Nc1 Rc5 36. Kd4 Kd6 37. Nb3 Rc2 38. Rd2 Ba4 39. Na5 Rxd2 40.
Nc4+ Ke6 41. Nxd2 b6 42. b3 Bc6 43. h3 Kf6 44. g4 Ke6 45. g5 a6 46. h4 Kd6 47. Nc4+ Kc7 48. Ne3 Be8 49. Ke5 Kc6 50.
Kf6 Kc5 51. h5 gxh5 52. Kxf5 Kd4 53. Nd1 e3 54. Nxe3 Kxe3 55. g6 d2 56. g7 Bf7 57.
Kf6 Bd5 58. Ke7 d1=Q 59. Kf8 Qd4 60. g8=Q Bxg8 61. Kxg8 Qd7 62. Kf8 Kxf4 63. Kg8 Kg5 0-1

[Event "*** Titled Tuesday Blitz"]
[Site "Chess.com"]
[Date "2021.02.16"]
[Round "11"]
[White "ChampStan"]
[Black "Ginger_GM"]
[Result "1-0"]
[WhiteElo "2331"]
[BlackElo "2634"]
[TimeControl "180+1"]
[EndTime "12:11:43 PST"]
[Termination "ChampStan won on time"]

1. d4 Nf6 2. c4 e5 3. dxe5 Ne4 4. Nf3 Nc6 5. Nbd2 Nc5 6. g3 d6 7. exd6 Bxd6 8. Bg2 Bg4 9. h3 Bh5 10. O-O Qe7 11. a3 a5 12. Nb3 Ne4 13. Nfd4 O-O 14. Nxc6 bxc6 15. Nd4 Rfe8 16. Nf5 Qf6 17. Nxd6 cxd6 18.
Qc2 Bg6 19. Qa4 Rac8 20. Qxa5 Qd4 21. Be3 Qxc4 22. Rac1 Qb3 23. Qa6 c5 24. Qc4 Qxb2 25. a4 Qe5 26. Bf4 Qe7 27. Rfd1 Red8 28. Qd5 Nf6 29. Qb7 Qxe2 30. Rxd6 Re8 31. Rdd1 Be4 32.
Bxe4 Qxe4 33. Qxe4 Nxe4 34. Be3 Ra8 35. Rc4 Nd6 36.
Rxd6 Rab8 37. Rd5 Rb1+ 38. Kg2 h6 39. Rdxc5 Kh7 40. Rc7 Kg6 41. a5 Ra1 42. R4c6+ f6 43. a6 Rb8 44. a7 Rbb1 45. Rc8 Rg1+ 46. Kf3 Ra5 47. R6c7 Rf5+ 48. Ke2 Rb1 49. Rg8 Rb2+ 50. Kf1 Rd5 51. Rgxg7+ Kf5 52. g4+ Ke4 53. Kg2 Ra5 54. Rc8 Ra1 55. a8=Q+ Rxa8 56. Rxa8 h5 57. Ra5 hxg4 58.
Ra4+ Kd3 59. Raxg4 f5 60. Rd4+ Ke2 61. Re7 1-0

[Event "*** Titled Tuesday Blitz"]
[Site "Chess.com"]
[Date "2021.02.16"]
[Round "11"]
[White "Frolyanov_D"]
[Black "ViditYT"]
[Result "0-1"]
[WhiteElo "2685"]
[BlackElo "2991"]
[TimeControl "180+1"]
[EndTime "12:11:50 PST"]
[Termination "ViditYT won on time"]

1. d4 Nf6 2. c4 e6 3. Nf3 d5 4.
Nc3 Bb4 5. e3 O-O 6. Bd2 b6 7.
cxd5 exd5 8. Bd3 Re8 9. O-O Bd6 10. Qc2 c5 11. Rad1 Nc6 12. a3 Bg4 13. dxc5 bxc5 14. Be2 d4 15. Nb5 Bf8 16. Bc1 a6 17. Nbxd4 Nxd4 18. exd4 Qe7 19. Be3 cxd4 20. Nxd4 Rac8 21. Qa4 Qe5 22.
Bxg4 Nxg4 23. Nf3 Qh5 24. Bf4 Re6 25. h3 Nf6 26. Ng5 Rec6 27. Qb3 Rc4 28. Be3 h6 29.
Nf3 Nd5 30. Bc1 R4c5 31. Qb7 a5 32. Qd7 Nf6 33. Qd3 Rd5 34. Qe2 Rb5 35. b4 axb4 36. axb4 Rxb4 37. Be3 Re4 38. Nd4 Qg6 39. Qf3 Rce8 40.
Nf5 R4e5 41. Ng3 h5 42. Bf4 R5e6 43. Qd3 h4 44. Nf5 Re4 45. Nxh4 Qh7 46. Bg3 Rxh4 47.
Bxh4 Qxh4 48. Rde1 Rc8 49. Qf3 Qg5 50. Qe3 Qf5 51.
Rd1 Bc5 52. Qd3 Ne4 53. Qf3 Qxf3 54. gxf3 Ng5 55. Kg2 Ne6 56. Kg3 Rb8 57. Rd5 g6 58. Rc1 Bf8 59. Rd7 Bg7 60. Ra7 Be5+ 61. Kg2 Rb3 62.
Rc8+ Kg7 63. Re8 Nf4+ 64. Kh2 Nd3+ 0-1

[Event "*** Titled Tuesday Blitz"]
[Site "Chess.com"]
[Date "2021.02.16"]
[Round "11"]
[White "davigator"]
[Black "WPWPWP-2015"]
[Result "1-0"]
[WhiteElo "2389"]
[BlackElo "2465"]
[TimeControl "180+1"]
[EndTime "12:11:51 PST"]
[Termination "davigator won on time"]

1. e4 e5 2. Nf3 Nf6 3. Nxe5 d6 4.
Nf3 Nxe4 5. d4 d5 6. Bd3 Bf5 7. O-O Be7 8. Re1 O-O 9. c4 c6 10. Qb3 Nd7 11. Bf4 Nec5 12. dxc5 Nxc5 13. Bxf5 Nxb3 14. axb3 Bf6 15. Nc3 dxc4 16. bxc4 Qb6 17.
Rab1 g6 18. Be3 Qb4 19. Bd3 Rad8 20. Bf1 b6 21. Ne4 Bg7 22. Bd2 Qa4 23. Bc3 Bxc3 24. Nxc3 Qc2 25. Re2 Qf5 26. Re7 a5 27. Rbe1 Qf6 28.
R7e3 h6 29. g3 Kg7 30. h4 Rd7 31. Ne5 Rc7 32. h5 gxh5 33. Rf3 Qg5 34. Bg2 f5 35. Rd3 Qf6 36. f4 h4 37. Ree3 Kh7 38. Kh2 Rg8 39. c5 bxc5 40. Ne2 Rcg7 41. Bxc6 hxg3+ 42. Rxg3 Qh4+ 43. Kg2 Rxg3+ 44. Rxg3 Rxg3+ 45. Nxg3 Qxf4 46. Nf3 Qg4 47. Kf2 Qb4 48. Nxf5 Qxb2+ 49. Kg3 Qf6 50. Be4 Kh8 51.
Kf4 a4 52. Ne5 a3 53. Ng4 a2 54. Nxf6 a1=Q 55. Ng4 Qc1+ 56. Kf3 Qd1+ 57. Kf4 Qc1+ 58. Kf3 h5 59. Nge3 Qh1+ 60. Kf4 Qh2+ 61. Kg5 Qh3 62. Bd5 h4 63. Bf7 Qh2 64. Nxh4 Qg3+ 65. Ng4 c4 66. Bxc4 Qc3 67. Be6 Kh7 68. Nf5 Qc1+ 69. Nge3 Qg1+ 70. Kf4 Qh2+ 71. Ke4 1-0

[Event "*** Titled Tuesday Blitz"]
[Site "Chess.com"]
[Date "2021.02.16"]
[Round "11"]
[White "NTBT_DHS"]
[Black "vaishali2001"]
[Result "1/2-1/2"]
[WhiteElo "2777"]
[BlackElo "2624"]
[TimeControl "180+1"]
[EndTime "12:11:53 PST"]
[Termination "Game drawn - insufficient material"]

1. d4 Nf6 2. c4 g6 3. Nf3 Bg7 4. Nc3 d5 5. cxd5 Nxd5 6. e4 Nxc3 7. bxc3 c5 8. Be3 Qa5 9. Qd2 O-O 10. Be2 cxd4 11. cxd4 Qxd2+ 12. Bxd2 b6 13. Rc1 Ba6 14. Rc7 e6 15. e5 Bxe2 16. Kxe2 Na6 17. Rc4 Rfc8 18.
Ra4 Nc7 19. Rc1 Nb5 20. Rac4 Rxc4 21. Rxc4 a6 22. a4 Na3 23. Rc7 b5 24. Ng5 bxa4 25. Nxf7 Nb5 26. Rd7 a3 27. Bc1 a2 28. Bb2 Rc8 29. Kd3 Rc1 30. Ng5 a1=Q 31. Bxa1 Rxa1 32. Rd8+ Bf8 33. Nxe6 Kf7 34. Nxf8 Rd1+ 35. Ke3 Rxd4 36. e6+ Ke7 37. Ra8 Rd6 38. Ke4 Nc7 39. Rc8 Nxe6 40. Nxh7 a5 41. Ra8 Nc5+ 42. Ke3 Rd3+ 43. Ke2 Ra3 44.
h4 Ra2+ 45. Kf3 a4 46. g4 Nd3 47. h5 gxh5 48. gxh5 a3 49. Ng5 Rxf2+ 50. Kg3 Rf5 51. Kg4 Rf4+ 52. Kg3 Rf5 53. Ra7+ Kf6 54. Ne4+ Ke5 55.
Nc3 Kd4 56. Ne2+ Ke3 57. Re7+ Kd2 58. h6 a2 59. Ra7 Nb4 60. Kg4 Rf7 61. Ra4 Kxe2 62.
Kg5 Kd3 63. Kg6 Rc7 64. h7 Rxh7 65. Kxh7 Kc2 66. Kg6 Kb3 67. Rxa2 Nxa2 1/2-1/2

[Event "*** Titled Tuesday Blitz"]
[Site "Chess.com"]
[Date "2021.02.16"]
[Round "11"]
[White "IngOscarArdila"]
[Black "Chessbard1972"]
[Result "1-0"]
[WhiteElo "2189"]
[BlackElo "2330"]
[TimeControl "180+1"]
[EndTime "12:11:54 PST"]
[Termination "IngOscarArdila won on time"]

1. d4 Nf6 2. c4 g6 3. Nc3 Bg7 4. e4 d6 5. Nf3 O-O 6. Be2 Na6 7. O-O c5 8. d5 e6 9. h3 Nc7 10. dxe6 Nxe6 11. e5 dxe5 12. Nxe5 Nd4 13. Bg5 h6 14.
Bh4 g5 15. Bg3 Be6 16. f4 Nd7 17. Nf3 Nf5 18. Bf2 gxf4 19. Qd2 Ng3 20. Bxg3 fxg3 21. Rad1 Qb8 22. Ne4 b6 23. Nh4 Qe5 24. Nd6 Qd4+ 25. Kh1 Qxd2 26. Rxd2 Ne5 27. Ndf5 Bxc4 28. Bxc4 Nxc4 29.
Rc2 Ne5 30. Re2 Rfe8 31. Nxg3 Nd3 32. Rxe8+ Rxe8 33. Nhf5 Nxb2 34. Nh5 Bf8 35. Nf6+ Kh8 36. Nxe8 c4 37. Nd4 Bc5 38. Nc2 Kg8 39. Nf6+ Kg7 40. Nd7 Bd6 41. Nf6 Be5 42. Nh5+ Kg6 43. g4 b5 44. Nf4+ Kg7 45. Nd5 a5 46. Rf5 f6 47. h4 b4 48. g5 hxg5 49. hxg5 b3 50. gxf6+ Bxf6 51. axb3 cxb3 52. Nce3 Bd4 53. Ng4 Nd3 54. Ne7 b2 55. Rb5 a4 56. Nf5+ Kg6 57.
Nxd4 a3 58. Ne5+ Kg7 59. Nxd3 a2 60. Rxb2 a1=Q+ 61. Kg2 Qd1 62. Rb3 Qd2+ 63. Kf3 Qd1+ 64. Ke4 Qh1+ 65. Ke5 Qh2+ 66. Kd5 Qg2+ 67. Kc4 1-0

[Event "*** Titled Tuesday Blitz"]
[Site "Chess.com"]
[Date "2021.02.16"]
[Round "11"]
[White "rychessmaster1"]
[Black "Danfii"]
[Result "0-1"]
[WhiteElo "2515"]
[BlackElo "2430"]
[TimeControl "180+1"]
[EndTime "12:11:56 PST"]
[Termination "Danfii won by resignation"]

1. d4 Nf6 2. Nc3 d5 3. Bf4 e6 4. Nb5 Na6 5. e3 c6 6. Nc3 Bd6 7. Bxd6 Qxd6 8. Bxa6 bxa6 9. Nf3 O-O 10. O-O c5 11.
Na4 c4 12. Nc5 Nd7 13. Nxd7 Bxd7 14. b3 Rfc8 15. Re1 a5 16. e4 a4 17. e5 Qe7 18.
Re3 Rab8 19. h4 a5 20. Qd2 Rb4 21. Kh2 Rcb8 22. a3 R4b7 23. bxc4 dxc4 24. Qxa5 Bc6 25. Kg3 Rb2 26. Qc3 Bd5 27. Rh1 Ra2 28. Ng5 h6 29.
Nh3 Rbb2 30. Rc1 Qb7 31. Nf4 Rb1 32. Rxb1 Qxb1 33. Qa5 Qxc2 34. Qd8+ Kh7 35. Nh3 Qg6+ 36. Ng5+ hxg5 37. hxg5 Qf5 38. Kh2 Rxf2 39. g6+ fxg6 40.
Rh3+ Qh5 41. Rxh5+ gxh5 42. Qa5 Rxg2+ 43. Kh3 Rg4 44.
Qxa4 Rxd4 45. Qe8 Rd3+ 46. Kh4 Bf3 47. a4 Rd4+ 48. Kg3 Bg4 49. a5 c3 50. Qc8 Rd3+ 51.
Kf2 Rd2+ 52. Ke3 Re2+ 53. Kd3 c2 54. a6 Rg2 55. a7 Bf3 56. Ke3 Bd5 57. Kd3 h4 58.
Qc5 h3 59. Qa3 h2 60. Qc1 Rg1 61. Qf4 h1=Q 62. Kxc2 Qe4+ 63. Qxe4+ Bxe4+ 64. Kc3 Ra1 65. Kd4 Rxa7 66. Kxe4 Ra4+ 67. Kf3 Kg6 68. Ke3 Kf5 0-1

[Event "*** Titled Tuesday Blitz"]
[Site "Chess.com"]
[Date "2021.02.16"]
[Round "11"]
[White "Chamal_Gedgafov"]
[Black "chesslh19"]
[Result "0-1"]
[WhiteElo "2313"]
[BlackElo "2243"]
[TimeControl "180+1"]
[EndTime "12:11:59 PST"]
[Termination "chesslh19 won on time"]

1. d4 Nf6 2. c4 e6 3. Nc3 d5 4. cxd5 exd5 5. Bg5 c6 6. e3 Be7 7.
Qc2 Nbd7 8. Bd3 O-O 9. Nf3 Re8 10. O-O Nf8 11. Ne5 Ng6 12. Rae1 Nd7 13. Bxe7 Qxe7 14. f4 Ndxe5 15. fxe5 Be6 16. e4 Rad8 17. Ne2 dxe4 18. Bxe4 Bg4 19. Rd1 Bxe2 20. Qxe2 c5 21. Bxg6 hxg6 22.
Rfe1 Rxd4 23. Rxd4 cxd4 24. Qc4 b6 25. Qxd4 Qc5 26.
Qxc5 bxc5 27. Kf2 Kf8 28. Re3 Ke7 29. Kf3 Rb8 30. b3 Ke6 31. Rc3 Kxe5 32. Rxc5+ Ke6 33. Ra5 Rb7 34. Ke4 f6 35. Kd4 Ke7 36. Kc5 Kd7 37. b4 Kc7 38. b5 Kb8 39. Ra6 Rc7+ 40. Kd6 Rc2 41. a4 Rxg2 42. Rc6 Rxh2 43. a5 Rd2+ 44. Ke6 Rb2 45. Rc5 Ra2 46. a6 Re2+ 47.
Kf7 Re5 48. Rc6 Rxb5 49. Kxg7 Rb6 50. Rc3 Rxa6 51. Kxg6 Rb6 52. Kf5 a5 53. Ra3 Ra6 54.
Ke4 Ka7 55. Kd5 Kb6 56. Rb3+ Kc7 57. Kc5 a4 58. Rh3 f5 59. Rh7+ Kd8 60. Kb5 Rf6 61. Kxa4 f4 62. Rh2 Kd7 63. Kb3 Ke6 64. Kc3 Ke5 65.
Kd3 Rd6+ 66. Ke2 Rb6 67. Rh8 Rb2+ 0-1